 Dungeon Crawl Stone Soup version 0.20-a0-633-gff4aa5c (webtiles) character file.

51132 w00t the Warrior (level 14, -3/288 HPs)
             Began as a Minotaur Fighter on Feb 11, 2017.
             Was a High Priest of Ashenzari.
             Slain by a manticore (13 damage)
             ... on level 6 of the Lair of Beasts.
             The game lasted 00:43:50 (19786 turns).

w00t the Warrior (Minotaur Fighter)                Turns: 19786, Time: 00:43:51

Health: -3/288     AC: 34    Str: 25 (26) XL:     14   Next: 22%
Magic:  13/13      EV:  2    Int:  5 (7)  God:    Ashenzari [*****.]
Gold:   1235       SH: 10    Dex: 16 (17) Spells: 13/13 levels left

rFire    + . .     SeeInvis +   b - +2 flail (protect)
rCold    x . .     Gourm    .   (armour currently unavailable)
rNeg     + + +     Faith    .   c - +0 shield
rPois    +         Spirit   .   (helmet currently unavailable)
rElec    .         Reflect  .   (cloak currently unavailable)
rCorr    .         Harm     .   (gloves currently unavailable)
MR       +....     Clarity  +   (boots currently unavailable)
Stlth    .......... NoTele   +  k - amulet of regeneration (curse) {+regen, !d}
Regen    0.5/turn               o - ring of fire {rF+, rC-}
                                m - ring of flight (curse) {+Fly, !d}

@: berserking, tree-form, barbed spikes, protection aura, very quick
A: (retaliatory headbutt), (fangs 0), (horns 0), rugged brown scales 1, (thin
metallic scales 0), agile 1, blurry vision 1, clever 1, frail 1, sense
surroundings 1, screaming 1, slow regeneration 1, evolution 1
a: Curse Item, Scrying, Transfer Knowledge, Renounce Religion


You were on level 6 of the Lair of Beasts.
You worshipped Ashenzari.
Ashenzari was extremely pleased with you.
You were not hungry.
You were a tree.
You visited 3 branches of the dungeon, and saw 20 of its levels.
You also visited: Sewer, Bailey and Volcano.

You collected 1235 gold pieces.

Inventory:

Hand Weapons
 a - a +0 war axe
 b - a +2 flail of protection (weapon)
 E - a +2 great sword of flaming
 N - a +2 great mace of flaming
Missiles
 g - 146 stones (quivered)
Armour
 c - a +0 shield (worn)
 t - a +0 pair of gloves (melded)
 D - the +2 leather armour "Noynon" {rN+ SInv}
   (You found it in a volcano)

   It protects you from negative energy.
   It lets you see invisible.
 I - a +0 plate armour (melded)
Jewellery
 d - an uncursed ring of ice {rC+, rF-}
 k - a cursed amulet of regeneration (around neck) {+regen, !d}
 m - a cursed ring of flight (left branch) {+Fly, !d}
 o - a ring of fire (right branch) {rF+, rC-}
 K - an uncursed ring of resist corrosion
 O - an uncursed amulet of guardian spirit {Spirit}
 T - an uncursed ring of ice {rC+, rF-}
Wands
 u - a wand of confusion (22/48)
 z - a wand of polymorph (15/24)
 H - a wand of lightning (10/15)
Scrolls
 h - 2 scrolls of enchant weapon {unknown}
 i - 26 scrolls of identify {unknown}
 j - a scroll of immolation {unknown}
 q - a scroll of vulnerability {unknown}
 v - 7 scrolls of teleportation
 w - 2 scrolls of fog {unknown}
 x - 6 scrolls of remove curse {@r2}
 y - a scroll of enchant armour {unknown}
 A - a scroll of blinking {unknown}
 C - 2 scrolls of magic mapping {unknown}
 L - a scroll of random uselessness {unknown}
Potions
 n - 6 potions of curing {@q1}
 r - a potion of agility
 F - a potion of resistance {unknown}
Books
 e - a book of Debilitation

   Spells                             Type                      Level
   a - Corona                         Hexes                        1
   b - Slow                           Hexes                        2
   c - Gell's Gravitas                Hexes/Translocation          3
   d - Inner Flame                    Hexes/Fire                   3
   e - Cause Fear                     Hexes                        4
   f - Leda's Liquefaction            Hexes/Earth                  4
 J - a book of Changes

   Spells                             Type                      Level
   a - Beastly Appendage              Transmutation                1
   b - Sticks to Snakes               Transmutation                2
   c - Spider Form                    Transmutation/Poison         3
   d - Ice Form                       Ice/Transmutation            4
   e - Blade Hands                    Transmutation                5
 S - a book of Geomancy

   Spells                             Type                      Level
   a - Sandblast                      Earth                        1
   b - Passwall                       Transmutation/Earth          2
   c - Stone Arrow                    Conjuration/Earth            3
   d - Petrify                        Transmutation/Earth          4
   e - Lee's Rapid Deconstruction     Earth                        5
Miscellaneous
 P - a fan of gales
 Z - a fan of gales
Comestibles
 f - 9 bread rations
 B - 5 meat rations
 G - 29 fruits
 M - 5 royal jellies


   Skills:
 * Level 16.5 Fighting
 - Level 15.8(16.8) Axes
 - Level 10.1(14.1) Maces & Flails
 + Level 10.8 Armour
 + Level 10.7 Dodging
 - Level 3.6 Shields


You had 13 spell levels left.
You didn't know any spells.

Dungeon Overview and Level Annotations

Branches:
Dungeon (13/15)            Temple (1/1) D:4            Lair (6/6) D:11
  Swamp (0/4) Lair:3        Snake (0/4) Lair:4          Orc (0/2) D:11
  Slime: Lair:5-6    Vaults: D:13-14

Altars:
Ashenzari
Cheibriados
Dithmenos
Elyvilon
Fedhas
Gozag
Hepliaklqana
Kikubaaqudgha
Makhleb
Nemelex Xobeh
Okawaru
Qazlal
Ru
Sif Muna
Trog
Uskayaw
Vehumet
Xom
Yredelemnul
Zin
The Shining One

Shops:
D:4 =%   D:5 *

Annotations:
D:8 exclusion: downstairs
Lair:3 exclusion: 3 oklob plants
Lair:5 Snorg


Innate Abilities, Weirdness & Mutations

((You reflexively headbutt those who attack you in melee.))
((You have a pair of horns on your head.))
((You have very sharp teeth.))
(You are partially covered in rugged brown scales. (AC +1, +3% HP))
((You are partially covered in thin metallic scales. (AC +2)))
You are agile. (Dex +2)
Scrolls take you a little longer to read.
Your mind is acute. (Int +2)
You are frail. (-10% HP)
You passively map a small area around you.
You occasionally shout uncontrollably at your foes.
You regenerate slowly when monsters are visible.
You evolve.


Message History

The komodo dragon is severely wounded.
The komodo dragon bites you but does no damage.
You barely miss the komodo dragon.
The komodo dragon is severely wounded.
You block the manticore's attack.
The manticore claws you but does no damage. x2
You hit the komodo dragon.
The komodo dragon is severely wounded.
The komodo dragon hisses menacingly.
The komodo dragon bites you but does no damage.
You sock the komodo dragon!
You kill the komodo dragon!
The manticore bites you but does no damage.
The manticore claws you but does no damage. x2
You thump the manticore!
The manticore is heavily wounded.
You barely miss the manticore.
The manticore is heavily wounded.
The manticore bites you!
You die...

,, , ≈*≈≈ ,
.. .≈≈≈≈ ≈≈≈
#.#.#.≈≈≈≈≈#
≈
...#..#*≈≈*≈
≈ ≈ ≈ *
..#.≈##≈≈ ≈
≈≈≈
*#....P≈≈≈.≈
≈ #....≈≈P≈#
≈
##H...#,≈≈#
#♣†((.#.≈≈#8
≈≈
##†..≈≈≈≈≈#*
*≈
#..†≈≈≈≈P# ≈
#.#...#≈P#≈
8,
#...≈##≈≈# ≈
≈ ≈ #....≈≈
≈ #...P≈≈≈≈≈
≈ ≈
#.....#(≈. ≈
#....##≈≈. ≈


You could see a manticore.

Vanquished Creatures
  Gastronok (D:9)
  A very ugly thing (D:13)
  The ghost of chas the Severer, a journeyman MiMo of Hepliaklqana (Lair:2)
  Fannar (D:11)
  7 hydras
  2 centaur warriors
  2 two-headed ogres
  A hell knight (Volcano)
  A sixfirhy (D:11)
  4 unseen horrors
  A harpy (Lair:6)
  2 orc knights
  5 ugly things
  2 manticores
  An oklob plant (D:11)
  3 black mambas
  Joseph (D:8)
  A torpor snail (Lair:2)
  3 molten gargoyles
  2 gargoyles
  8 spiny frogs
  3 yaktaurs (Volcano)
  A rime drake (Lair:6)
  10 komodo dragons
  2 trolls (D:12)
  A tengu conjurer (D:10)
  A tyrant leech (Lair:3)
  5 hornets
  8 dream sheep
  12 blink frogs
  4 hippogriffs
  2 shadows
  21 yaks
  3 basilisks
  2 fire bats (Volcano)
  Grum (D:9)
  Eustachio (D:5)
  2 wyverns
  A hungry ghost (D:11)
  An acid dragon (D:12)
  3 nagas (Lair:4)
  A swamp worm (Lair:3)
  A warg (D:12)
  10 water moccasins
  A soldier ant (D:12)
  8 porcupines
  10 orc warriors
  3 ice beasts
  6 sky beasts
  Purgy (Sewer)
  3 black bears
  2 phantoms
  3 necrophages
  11 wolves
  5 centaurs
  6 ogres
  6 crocodiles
  2 big kobolds
  12 bullfrogs
  2 wyvern zombies
  2 scorpions
  A water moccasin skeleton (D:4)
  17 wights
  18 killer bees
  4 howler monkeys
  A bullfrog zombie (D:12)
  2 centaur zombies
  12 lava snakes
  5 crimson imps
  A jelly (D:10)
  3 bullfrog skeletons
  4 centaur skeletons
  9 orc priests
  5 hounds
  9 orc wizards
  11 iguanas
  6 worker ants
  A hound zombie (D:5)
  A hound skeleton (D:7)
  2 worker ant zombies (D:7)
  Robin (D:3)
  4 gnolls (D:6)
  16 adders
  A shadow imp (D:11)
  An ooze (D:3)
  7 worms
  5 dart slugs
  2 leopard geckos
  68 orcs
  8 giant cockroaches
  29 goblins
  7 hobgoblins
  5 jackals
  20 kobolds
  3 quokkas
  2 bats
  5 frilled lizards
  4 rats
  A fungus (Lair:2)
  12 plants
542 creatures vanquished.

Vanquished Creatures (others)
  An orc warrior (D:12)
  A centaur (Volcano)
  An orc wizard (D:5)
  3 fungi
  10 plants
16 creatures vanquished.

Grand Total: 558 creatures vanquished

Notes
Turn   | Place    | Note
-------+----------+-------------------------------------------
     0 | D:1      | w00t the Minotaur Fighter began the quest for the Orb.
     0 | D:1      | Reached XP level 1. HP: 19/19 MP: 0/0
    98 | D:1      | Reached skill level 4 in Fighting
   197 | D:1      | Reached XP level 2. HP: 27/27 MP: 1/1
   574 | D:1      | Reached skill level 5 in Fighting
   863 | D:1      | Reached XP level 3. HP: 36/36 MP: 2/2
  1469 | D:2      | Reached XP level 4. HP: 44/44 MP: 3/3
  1883 | D:3      | Reached skill level 6 in Fighting
  2069 | D:3      | Noticed Robin
  2084 | D:3      | Killed Robin
  2182 | D:3      | Reached XP level 5. HP: 51/51 MP: 4/4
  2731 | D:3      | Found a hide-covered altar of Uskayaw.
  2899 | D:4      | Found Nanique's Jewellery Shoppe.
  2920 | D:4      | Found Naamom's Food Shop.
  3034 | D:4      | Found a staircase to the Ecumenical Temple.
  3046 | Temple   | Entered the Ecumenical Temple
  3233 | Temple   | Became a worshipper of Ashenzari the Shackled
  3509 | D:4      | Reached skill level 7 in Fighting
  3509 | D:4      | Reached XP level 6. HP: 52/60 MP: 5/5
  3928 | D:4      | Reached skill level 5 in Axes
  3931 | D:5      | Entered Level 5 of the Dungeon
  3938 | D:5      | Noticed Eustachio
  3963 | D:5      | Killed Eustachio
  4022 | D:5      | Reached XP level 7. HP: 66/67 MP: 6/6
  4030 | D:5      | Reached skill level 8 in Fighting
  4132 | D:5      | Found a basalt altar of Yredelemnul.
  4174 | D:5      | Reached skill level 9 in Fighting
  4370 | D:5      | Reached XP level 8. HP: 78/78 MP: 7/7
  4381 | D:5      | Found Gus Vanko's General Store.
  4393 | D:5      | Reached * piety under Ashenzari
  4394 | D:5      | Found a deep blue altar of Sif Muna.
  4458 | D:5      | Found a white marble altar of Elyvilon.
  4613 | D:6      | Found a snail-covered altar of Cheibriados.
  4679 | D:6      | Reached skill level 5 in Armour
  4706 | D:6      | Found an opulent altar of Gozag.
  4803 | D:6      | Gained mutation: You are dopey. (Int -2) [mutagenic meat]
  4804 | D:6      | Gained mutation: You occasionally shout uncontrollably at your foes. [mutagenic meat]
  4805 | D:6      | Gained mutation: You are partially covered in rugged brown scales. (AC +1, +3% HP) [mutagenic meat]
  4806 | D:6      | Gained mutation: You regenerate slowly when monsters are visible. [mutagenic meat]
  4807 | D:6      | Gained mutation: You have a pair of large horns on your head. [mutagenic meat]
  4946 | D:6      | Found a glowing drain.
  4955 | Sewer    | Entered a sewer
  4969 | Sewer    | Noticed Purgy
  4974 | Sewer    | Killed Purgy
  4974 | Sewer    | Reached skill level 10 in Fighting
  5354 | D:6      | Found a bloodstained altar of Trog.
  5516 | D:6      | Reached XP level 9. HP: 57/87 MP: 8/8
  5587 | D:6      | Found a hazy altar of Hepliaklqana.
  6253 | D:7      | Reached skill level 10 in Axes
  6254 | D:7      | Reached skill level 11 in Fighting
  6992 | D:8      | Found a shimmering altar of Xom.
  6997 | D:8      | Noticed Joseph
  7011 | D:8      | Killed Joseph
  7606 | D:8      | Found a radiant altar of Vehumet.
  7618 | D:8      | Found a shadowy altar of Dithmenos.
  7694 | D:8      | Reached XP level 10. HP: 98/98 MP: 9/9
  7753 | D:8      | Noticed a two-headed ogre
  7761 | D:8      | Killed a two-headed ogre
  7941 | D:9      | Noticed a cyclops
  8133 | D:9      | Found a burning altar of Makhleb.
  8133 | D:9      | Noticed a green death
  8203 | D:9      | Reached skill level 12 in Fighting
  8359 | D:8      | Paralysed by a hornet for 1 turns
  8590 | D:9      | Noticed Gastronok
  8593 | D:9      | Noticed Grum
  8725 | D:9      | Killed Grum
  8786 | D:9      | Killed Gastronok
  8786 | D:9      | Reached skill level 10 in Armour
  8863 | D:9      | Reached XP level 11. HP: 80/109 MP: 10/10
  9028 | D:9      | Reached ** piety under Ashenzari
  9033 | D:9      | Reached skill level 13 in Fighting
  9051 | D:9      | Reached skill level 1 in Dodging
  9069 | D:9      | Noticed a two-headed ogre
  9072 | D:10     | Entered Level 10 of the Dungeon
  9368 | D:10     | Noticed a cyan ugly thing
  9378 | D:10     | Killed a cyan ugly thing
  9382 | D:10     | Gained mutation: You are robust. (+10% HP) [mutagenic meat]
  9383 | D:10     | Gained mutation: You have sharp toenails. [mutagenic meat]
  9721 | D:10     | Killed an unseen horror
  9741 | D:10     | Gained mutation: You have very sharp teeth. [mutagenic meat]
  9742 | D:10     | Lost mutation: You have sharp toenails. [mutagenic meat]
  9743 | D:10     | Lost mutation: You are robust. (+10% HP) [mutagenic meat]
  9744 | D:10     | Gained mutation: You are agile. (Dex +2) [mutagenic meat]
 10228 | D:11     | Noticed an oklob plant
 10349 | D:11     | Gained mutation: You evolve. [mutagenic meat]
 10352 | D:11     | Gained mutation: Scrolls take you a little longer to read. [mutagenic meat]
 10354 | D:11     | Gained mutation: You are frail. (-10% HP) [mutagenic meat]
 10403 | D:11     | Noticed a two-headed ogre
 10463 | D:12     | Found a flagged portal.
 10490 | Bailey   | Entered a bailey
 10579 | Bailey   | Reached skill level 5 in Dodging
 10746 | Bailey   | Noticed an orc knight
 10746 | Bailey   | Noticed an orc knight
 10776 | Bailey   | Killed an orc knight
 10994 | D:12     | Reached skill level 14 in Fighting
 11074 | D:12     | Noticed an orc knight
 11087 | D:12     | Killed an orc knight
 11340 | D:12     | Lost mutation: You are dopey. (Int -2) [mutagenic meat]
 11341 | D:12     | Gained mutation: You tend to lose your temper in combat. [mutagenic meat]
 11342 | D:12     | Lost mutation: You tend to lose your temper in combat. [mutagenic meat]
 11344 | D:12     | Lost mutation: You have a pair of large horns on your head. [mutagenic meat]
 11350 | D:12     | Noticed an eight-headed hydra
 11358 | D:12     | Killed an eight-headed hydra
 11358 | D:12     | Reached XP level 12. HP: 80/109 MP: 11/11
 11458 | D:12     | Noticed a centaur warrior
 11471 | D:12     | Killed a centaur warrior
 11754 | D:12     | Reached skill level 15 in Fighting
 11835 | D:12     | Noticed a two-headed ogre
 11961 | D:13     | Reached *** piety under Ashenzari
 12026 | D:13     | Noticed a purple very ugly thing
 12026 | D:13     | Noticed a seven-headed hydra
 12036 | D:13     | Killed a purple very ugly thing
 12042 | D:13     | Noticed an ettin
 12152 | D:12     | Gained mutation: You are partially covered in thin metallic scales. (AC +2) [evolution]
 12426 | D:12     | Reached skill level 15 in Axes
 12556 | D:11     | Noticed Fannar
 12573 | D:11     | Found a staircase to the Lair.
 12788 | D:11     | Gained mutation: You passively map a small area around you. [mutagenic meat]
 12840 | D:11     | Killed Fannar
 12977 | D:11     | Killed a two-headed ogre
 12977 | D:11     | Reached skill level 16 in Fighting
 13088 | D:11     | Found a staircase to the Orcish Mines.
 13153 | D:11     | Found a runed door.
 13420 | D:11     | Found a sacrificial altar of Ru.
 13576 | Lair:1   | Entered Level 1 of the Lair of Beasts
 13667 | Lair:1   | Gained mutation: Your mind is acute. (Int +2) [evolution]
 13765 | Lair:1   | Reached skill level 1 in Maces & Flails
 14022 | Lair:1   | Reached XP level 13. HP: 119/119 MP: 12/12
 14658 | Lair:2   | Noticed chas's ghost (journeyman MiMo)
 14681 | Lair:2   | Killed chas's ghost
 15062 | Lair:2   | Reached skill level 5 in Maces & Flails
 15127 | Lair:2   | Reached **** piety under Ashenzari
 15739 | Lair:3   | Found a staircase to the Swamp.
 17506 | Lair:4   | Found a staircase to the Snake Pit.
 18111 | Lair:5   | Reached skill level 10 in Dodging
 18298 | Lair:5   | Found a shimmering altar of Xom.
 18360 | Lair:5   | Found a dark tunnel.
 18367 | Volcano  | Entered a volcano
 18689 | Volcano  | Found a burning altar of Makhleb.
 18693 | Volcano  | Reached XP level 14. HP: 111/127 MP: 13/13
 18776 | Volcano  | Got the uncursed leather armour "Noynon" {rN+ SInv}
 18816 | Volcano  | Reached skill level 10 in Maces & Flails
 19113 | Lair:5   | Reached ***** piety under Ashenzari
 19477 | Lair:6   | Entered Level 6 of the Lair of Beasts
 19626 | Lair:6   | Noticed Snorg
 19778 | Lair:6   | HP: 8/288 [manticore (10)]
 19786 | Lair:6   | Slain by a manticore

Vault maps used:
D:1:      sevenhm_arrival_forest_fort_large_4, grunt_decor_mini_mirrors
D:3:      kennysheep_goblin_castle, lemuel_doored_altar, first_bread, uniq_robin
D:4:      minmay_temple_entry_mist, serial_shops, shop, nicolae_shop_stone
D:5:      yredelemnul_altar_generic, lemuel_coloured_pillars_altar,
          kennysheep_mini, serial_shops, shop, uniq_eustachio
D:6:      cheibriados_altar_1, marbit_many_paths, old_standard_altar,
          gup_sewer_entry_bubbles, lemuel_tele_altar
D:8:      xom_teletrap_fun, lemuel_crystal_altar,
          nicolae_overflow_crystal_walls, uniq_joseph
D:9:      makhleb_altar_promises_db, uniq_grum, uniq_gastronok
D:10:     serial_column_ruins, column_ruins_corridor_dead_end,
          column_ruins_open_small, column_ruins_grid_2, hangedman_decor_growths,
          grunt_tengu_nest, grunt_ministairs_12
D:11:     cheibrodos_shockbox, dpeg_oklobed_lair, david_orc_3,
          nicolae_ru_sacrificial_ziggurat, uniq_fannar
D:12:     minmay_open_boxes_in_corner, enter_bailey_3, uniq_kirke
D:13:     lightli_vaults_fourway_checkpoint, portal_ice_cave_entry_pillars_1,
          minmay_the_grid_3x2
Temple:   jpeg_temple_alley_garden
Lair:1:   beast_lair_carwin_large_3
Lair:3:   minmay_swamp_entry_worms, minmay_lair_oklob_chamber,
          grunt_megastairs_2, serial_bayou_shore_b
Lair:4:   cheibrodos_magma_flow, guppyfry_snake_entry_island,
          serial_bayou_shore_b
Lair:5:   nicolae_volcano_entry_two_sided, minivault_19, lemuel_centaur_altar,
          grunt_megastairs_4
Lair:6:   gammafunk_lair_ancient_temple, slime_altar_1, uniq_snorg
Sewer:    kennysheep_door_sewer
Bailey:   bailey_polearm_5, bailey
Volcano:  volcano_lake

Skill      XL: |  1  2  3  4  5  6  7  8  9 10 11 12 13 14 |
---------------+-------------------------------------------+-----
Fighting       | 4 5 6 7 9 10 11 12 14 16 | 16.5
Axes           | 3 4 6 7 9 10 12 13 15 | 15.8
Armour         | 6 8 10 | 10.8
Dodging        | 5 10 | 10.7
Maces & Flails | 2 9 10 | 10.1
Shields        | |  3.6

Action                   |  1- 3 |  4- 6 |  7- 9 | 10-12 | 13-15 || total
-------------------------+-------+-------+-------+-------+-------++-------
Melee: War axe           |    86 |   161 |   304 |   778 |   193 ||  1522
       Headbutt          |    10 |    32 |    63 |   216 |   166 ||   487
       Bite              |       |       |       |    85 |    81 ||   166
       Kick              |       |       |       |    14 |       ||    14
       Flail             |       |       |       |    15 |   377 ||   392
       Great mace        |       |       |       |       |    14 ||    14
Throw: Stone             |    33 |    15 |     3 |     6 |    71 ||   128
Invok: Curse Item        |       |       |       |       |     1 ||     1
  Use: Potion            |       |     1 |       |    23 |    12 ||    36
       Scroll            |       |       |       |     2 |     2 ||     4
 Stab: Invisible         |       |       |       |       |     2 ||     2
  Eat: Chunk             |     2 |     5 |    16 |    29 |     8 ||    60
       Bread ration      |       |     1 |       |     5 |     2 ||     8
Armor: Scale mail        |    23 |    77 |    63 |       |       ||   163
       Chain mail        |       |       |    79 |       |       ||    79
       Plate armour      |       |       |     4 |   525 |   291 ||   820
       Skin              |       |       |       |       |    36 ||    36
Dodge: Dodged            |    16 |    55 |    58 |   180 |   169 ||   478
Block: Shield            |    45 |    87 |   159 |   427 |   277 ||   995
